 Dungeon Crawl Stone Soup version 0.20.1-1-g8b1a95d (webtiles) character file.

67 Liatris the Chopper (level 4, 0/34 HPs)
             Began as a Demonspawn Gladiator on Aug 17, 2017.
             Slain by Grinder (4 damage)
             ... on level 3 of the Dungeon.
             The game lasted 00:07:37 (1759 turns).

Liatris the Chopper (Demonspawn Gladiator)          Turns: 1759, Time: 00:07:37

Health: 0/34       AC:  9    Str: 16    XL:     4   Next: 0%
Magic:  4/4        EV: 13    Int: 10    God:
Gold:   157        SH:  0    Dex: 15    Spells: 3/3 levels left

rFire    x . .     SeeInvis .   a - +0 war axe
rCold    + . .     Gourm    .   (no shield)
rNeg     . . .     Faith    .   b - +0 leather armour
rPois    .         Spirit   .   (helmet restricted)
rElec    .         Reflect  .   (no cloak)
rCorr    +         Harm     .   (no gloves)
MR       .....                  (no boots)
Stlth    ++........             (no amulet)
Regen    0.0/turn               i - ring of resist corrosion
MPRegen  0.1/turn               k - ring of ice

@: sanguine armour
A: horns 1, nightstalker 1, inhibited regeneration, strong 1, sanguine armour 1
a: no special abilities


You were on level 3 of the Dungeon.
You were not hungry.

You visited 1 branch of the dungeon, and saw 3 of its levels.

You collected 157 gold pieces.

Inventory:

Hand Weapons
 a - a +0 war axe (weapon)
Missiles
 d - 3 throwing nets (quivered)
Armour
 b - a +0 leather armour (worn)
 c - a +0 helmet
Jewellery
 i - a ring of resist corrosion (left hand)
 k - a ring of ice (right hand)
Potions
 e - a potion of cancellation {unknown}
 g - a potion of curing
Comestibles
 f - a bread ration
 h - a meat ration


   Skills:
 + Level 2.3 Fighting
 + Level 3.6 Axes
 + Level 1.9 Throwing
 + Level 1.0 Armour
 + Level 3.1 Dodging


You had 3 spell levels left.
You didn't know any spells.

Dungeon Overview and Level Annotations

Branches:
Dungeon (3/15)

Altars:

Annotations:
D:3 Grinder


Innate Abilities, Weirdness & Mutations

You are slightly more attuned to the shadows.
When seriously injured, your bleeding wounds create armour. (AC +6)
You have a pair of small horns on your head.
You do not regenerate when monsters are visible.
Your muscles are strong. (Str +2)


Message History

You kill the bat!
You have reached level 4!
You feel clever.
Your demonic ancestry asserts itself...
You slip into the darkness of the dungeon.
The kobold throws a stone.
The stone misses you. Grinder hits you but does no damage.
You barely miss Grinder. You headbutt Grinder, but do no damage.
Grinder misses you.
You closely miss Grinder. Grinder hits you.
You writhe in agony.
You barely miss Grinder. Grinder hits you!
Your blood congeals into armour.
You writhe in agony.
Grinder gestures at you. Pain shoots through your body!
* * * LOW HITPOINT WARNING * * *
You barely miss Grinder. You headbutt Grinder, but do no damage.
Grinder hits you but does no damage.
You barely miss Grinder. Grinder hits you.
* * * LOW HITPOINT WARNING * * *
You writhe in agony.
You die...

##...#"#...#
.o.#.#.#.#.##
..5#..gJ.#..#
.S.#######..#
...K......#.#
#s..(.# #Ko####
#5## #@#
#####.######
#..........#
#..<.......#
#....(.....#
#..........#
#..........#
......>......#
#.............#


You could see Grinder, an ooze, an orc, a giant cockroach, a hobgoblin and a
kobold.

Vanquished Creatures
  An adder (D:3)
  An ooze (D:1)
  A worm (D:2)
  A leopard gecko (D:1)
  3 ball pythons
  2 giant cockroaches (D:2)
  5 goblins
  4 hobgoblins
  12 jackals (D:2)
  8 bats
  2 frilled lizards
  5 kobolds
  A rat (D:2)
46 creatures vanquished.

Notes
Turn   | Place    | Note
-------+----------+-------------------------------------------
     0 | D:1      | Liatris the Demonspawn Gladiator began the quest for the Orb.
     0 | D:1      | Reached XP level 1. HP: 16/16 MP: 1/1
   438 | D:1      | Gained mutation: When seriously injured, your bleeding wounds create armour. (AC +6) [demonic ancestry]
   438 | D:1      | Reached XP level 2. HP: 22/22 MP: 2/2
   666 | D:1      | Gained mutation: You do not regenerate when monsters are visible. [potion of mutation]
   666 | D:1      | Gained mutation: Your muscles are strong. (Str +2) [potion of mutation]
   666 | D:1      | Gained mutation: You have a pair of small horns on your head. [potion of mutation]
  1073 | D:2      | Reached XP level 3. HP: 24/27 MP: 3/3
  1610 | D:2      | Reached skill level 1 in Armour
  1746 | D:3      | Noticed Grinder
  1754 | D:3      | Gained mutation: You are slightly more attuned to the shadows. [demonic ancestry]
  1754 | D:3      | Reached XP level 4. HP: 32/34 MP: 4/4
  1759 | D:3      | Slain by Grinder

Skill      XL: |  1  2  3 |
---------------+----------+-----
Dodging        | 3 |  3.1
Axes           | 3 |  3.6
Armour         | 1 |  1.0
Fighting       | |  2.3
Throwing       | |  1.9

Action                   |  1- 3 |  4- 6 || total
-------------------------+-------+-------++-------
Melee: War axe           |   103 |     5 ||   108
       Headbutt          |     8 |     2 ||    10
  Use: Potion            |     3 |       ||     3
       Scroll            |     2 |       ||     2
 Stab: Sleeping          |     1 |       ||     1
  Eat: Bread ration      |     1 |       ||     1
Armor: Leather armour    |    45 |     2 ||    47
Dodge: Dodged            |   107 |     2 ||   109
